 Dungeon Crawl Stone Soup version 0.25.0-1-g7eea58d2a3 (webtiles) character file.

Game seed: 2965834855859413287

653 tilp the Cleaver (level 7, -9/57 HPs)
             Began as a Minotaur Berserker on June 14, 2020.
             Was a Priest of Trog.
             Mangled by Menkaure (16 damage)
             ... on level 4 of the Dungeon.
             The game lasted 00:05:03 (3553 turns).

tilp the Cleaver (Minotaur Berserker)               Turns: 3553, Time: 00:05:04

Health: -9/57      AC: 11    Str: 24    XL:     7   Next: 29%
Magic:  6/6        EV: 10    Int:  4    God:    Trog [***...]
Gold:   134        SH:  0    Dex:  9    Spells: 6/6 levels left

rFire    . . .     SeeInvis .   a - +0 war axe
rCold    + . .     Gourm    .   (no shield)
rNeg     . . .     Faith    .   A - +3 scale mail {rC+}
rPois    .         Spirit   .   (helmet restricted)
rElec    .         Reflect  .   (no cloak)
rCorr    .         Harm     .   k - +1 pair of gloves
MR       .....                  (no boots)
Stlth    ..........             (no amulet)
HPRegen  0.19/turn              (no ring)
MPRegen  0.10/turn              (no ring)

@: berserk cooldown, slowed, very slow
A: retaliatory headbutt, horns 2
a: Berserk, Trog's Hand, Renounce Religion


You were on level 4 of the Dungeon.
You worshipped Trog.
Trog was most pleased with you.
You were very hungry.

You visited 1 branch of the dungeon, and saw 4 of its levels.

You collected 134 gold pieces.

Inventory:

Hand Weapons
 a - a +0 war axe (weapon)
 b - a +0 battleaxe
Missiles
 l - 66 stones (quivered)
 s - 4 boomerangs
Armour
 k - a +1 pair of gloves (worn)
 A - a +3 scale mail of cold resistance (worn)
Wands
 u - a wand of polymorph (11)
Scrolls
 i - a scroll of immolation {unknown}
 j - 2 scrolls of fog
 n - 2 scrolls of teleportation
 p - a scroll of remove curse
 x - a scroll of enchant weapon {unknown}
 y - a scroll of magic mapping {unknown}
Potions
 d - a potion of might {unknown}
 e - 3 potions of haste {unknown}
 f - a potion of stabbing {unknown}
 g - a potion of degeneration {unknown}
 m - a potion of magic {unknown}
 o - a potion of heal wounds {unknown}
 q - a potion of lignification {unknown}
 r - a potion of cancellation {unknown}
 t - a potion of flight {unknown}
 v - a potion of invisibility {unknown}
 w - a potion of curing {unknown}
 z - a potion of berserk rage {unknown}
Comestibles
 c - 6 rations
 h - a chunk of flesh


   Skills:
 - Level 3.6 Fighting
 + Level 10.2 Axes
 - Level 2.4 Armour
 - Level 2.1 Dodging


You had 6 spell levels left.
You didn't know any spells.
Your spell library was empty.

Dungeon Overview and Level Annotations

Branches:
Dungeon (4/15)
 Temple: D:4-7

Altars:
Gozag
Zin

Annotations:
D:4 Menkaure


Innate Abilities, Weirdness & Mutations

You reflexively headbutt those who attack you in melee.
You have a pair of horns on your head.


Message History

You kill the jackal!
Trog accepts your kill.
You feel a strong urge to attack something.
You feel your anger nearly subside.
You are no longer berserk.
You are exhausted.
You feel yourself slow down. The gnoll barely misses you.
Menkaure gestures at you while chanting.
Pain shoots through your body! The gnoll hits you with a +0 halberd.
That item cannot be evoked!
Unknown command.
You slash Menkaure!
Menkaure is severely damaged.
You closely miss the gnoll.
Menkaure points at you and mumbles some strange words.
Pain shoots through your body!
* * * LOW HITPOINT WARNING * * *
The gnoll hits you with a +0 halberd.
* * * LOW HITPOINT WARNING * * *
Menkaure hits you!
You die...

##.#############...###.####...###
...................##.#.# ##.##
##.##############..#>###.# #.#
#.# #...## #.##.# #.# #.##.#
###.# #.# #.# #.# #.# #.#
##.####.# ... #.# #...$...#
##.#############@#####.##
.......).......gM†.......
≈≈≈≈≈≈≈≈≈≈≈≈≈≈≈....≈≈≈≈≈≈
≈≈≈≈≈≈≈≈≈≈≈≈≈≈≈....≈≈≈≈≈≈
###≈≈≈≈≈≈≈≈≈≈≈≈....≈≈≈≈≈≈ g
#..%....[..........(... .
#############++++###### #


You could see Menkaure (fast) and a gnoll.

Vanquished Creatures
  Grinder (D:3)
  Duvessa (D:4)
  Dowan (D:4)
  2 hounds
  2 orc priests (D:4)
  5 gnolls
  4 adders
  A worm (D:2)
  A dart slug (D:4)
  3 leopard geckos
  7 orcs
  A ball python (D:2)
  10 bats
  4 giant cockroaches
  9 hobgoblins
  9 jackals
  A quokka (D:2)
  6 frilled lizards
  6 goblins
  9 kobolds
  5 rats
88 creatures vanquished.

Notes
Turn   | Place    | Note
-------+----------+-------------------------------------------
     0 | D:1      | tilp the Minotaur Berserker began the quest for the Orb.
     0 | D:1      | Reached XP level 1. HP: 19/19 MP: 0/0
    50 | D:1      | Reached skill level 4 in Axes
   282 | D:1      | Reached XP level 2. HP: 12/26 MP: 1/1
   858 | D:1      | Reached skill level 5 in Axes
   913 | D:1      | Reached ** piety under Trog
   982 | D:1      | Reached XP level 3. HP: 31/31 MP: 2/2
  1605 | D:2      | Reached skill level 6 in Axes
  1605 | D:2      | Reached XP level 4. HP: 35/39 MP: 3/3
  1739 | D:2      | Found a glowing silver altar of Zin.
  1761 | D:2      | Reached XP level 5. HP: 45/45 MP: 4/4
  1843 | D:2      | Reached skill level 7 in Axes
  2192 | D:3      | Noticed Grinder
  2405 | D:3      | Found an opulent altar of Gozag.
  2475 | D:3      | Reached *** piety under Trog
  2509 | D:3      | Paralysed by Grinder for 6 turns
  2519 | D:3      | Killed Grinder
  2519 | D:3      | Reached skill level 8 in Axes
  2519 | D:3      | Reached XP level 6. HP: 51/51 MP: 5/5
  2886 | D:4      | Noticed Duvessa
  2887 | D:4      | Noticed Dowan
  2972 | D:4      | Killed Dowan
  2972 | D:4      | Reached skill level 9 in Axes
  3183 | D:4      | Killed Duvessa
  3183 | D:4      | Reached XP level 7. HP: 57/57 MP: 6/6
  3322 | D:4      | Reached skill level 10 in Axes
  3543 | D:4      | Noticed Menkaure
  3553 | D:4      | Mangled by Menkaure

Illustrated notes

Levels and vault maps discovered:
D:1:      lightli_iron_boxes, layout_basic, skrybe_limestone_x
D:2:      layout_loops_corners, lemuel_round_altar
D:3:      layout_loops_cross, nicolae_gozag_cash_rules_everything_around_me,
          grunt_decor_resistance, st_stairs_5, uniq_grinder
D:4:      lemuel_castle_with_subvaults [lemuel_castle_interior_carwin_3],
          layout_loops_ring, first_ration, uniq_menkaure, uniq_duvessa,
          uniq_eustachio

Skill      XL: |  1  2  3  4  5  6  7 |
---------------+----------------------+-----
Axes           | 4 5 6 8 9 10 | 10.2
Fighting       | |  3.6
Armour         | |  2.4
Dodging        | |  2.1

Action                   |  1- 3 |  4- 6 |  7- 9 || total
-------------------------+-------+-------+-------++-------
Melee: Hand axe          |    89 |    64 |    16 ||   169
       Headbutt          |    13 |    14 |     4 ||    31
       Battleaxe         |       |     7 |       ||     7
       War axe           |       |       |    11 ||    11
Throw: Stone             |       |     1 |       ||     1
Invok: Berserk           |       |     3 |     1 ||     4
  Use: Scroll            |     1 |     2 |       ||     3
  Eat: Chunk             |     2 |     7 |     2 ||    11
Armor: Animal skin       |    22 |     7 |       ||    29
       Leather armour    |       |    13 |       ||    13
       Ring mail         |       |     4 |       ||     4
       Scale mail        |       |       |     7 ||     7
Dodge: Dodged            |    68 |    46 |    18 ||   132
